 Dungeon Crawl Stone Soup version 0.25-a0-803-g58bd18402a (webtiles) character file.

Game seed: 15596684360176983514, levelgen mode: deterministic

768790 Hartz the Slayer (level 27, -26/188 HPs)
             Began as a Gargoyle Earth Elementalist on Apr 18, 2020.
             Was the Champion of Vehumet.
             Annihilated by Gaosmaidd the pandemonium lord (34 damage)
             ... on level 23 of a ziggurat on Apr 19, 2020.
             The game lasted 03:52:16 (73562 turns).

Hartz the Slayer (Gargoyle Earth Elementalist)     Turns: 73562, Time: 03:52:17

Health: -26/188    AC: 46    Str: 32    XL:     27
Magic:  17/48      EV: 25    Int: 28    God:    Vehumet [******]
Gold:   8695       SH:  0    Dex: 16    Spells: 13/69 levels left

rFire    + + .     SeeInvis +   i - +4 dire flail of Tension {vorpal, Int+4 Dex+2}
rCold    . . .     Gourm    .   (shield currently unavailable)
rNeg     + + .     Faith    .   w - +3 leather armour "Gaumipp" {Str+7}
rPois    ∞         Spirit   .   I - +2 hat of the King {rCorr Str+3 Int-3 Slay+5}
rElec    +         Reflect  .   h - +2 cloak {+Inv}
rCorr    +         Harm     .   f - +3 pair of gloves of Qideovant {rElec rF+}
MR       ++...                  o - +2 pair of boots
Stlth    ++........             H - macabre finger necklace {rN+}
HPRegen  0.41/turn              e - ring "Quir Uqa" {*Contam rPois Dex+4 Slay+5 SInv}
MPRegen  0.31/turn              Q - +6 ring of protection
                                S - ring of Gyik {Wiz Str+8}

@: death's door cooldown, studying Dodging
A: big wings, repulsion field 1, blink, fire resistance 1, negative energy
resistance 1, sense surroundings 1, electricity resistance, unbreathing,
petrification resistance, rot immunity, MP-powered wands, AC +20
}: 4/15 runes: decaying, slimy, silver, gossamer
a: Fly, Blink, Renounce Religion, Evoke Invisibility


You were on level 23 of a ziggurat.
You worshipped Vehumet.
Vehumet was exalted by your worship.
You were not hungry.

You visited 11 branches of the dungeon, and saw 53 of its levels.
You visited the Abyss 3 times.
You visited 1 bazaar.
You visited 1 ziggurat, and saw 23 of its levels.
You also visited: Sewer.

You collected 15884 gold pieces.
You spent 7189 gold pieces at shops.

Inventory:

Hand Weapons
 b - a +9 demon whip of venom
 i - the +4 dire flail of Tension (weapon) {vorpal, Int+4 Dex+2}
   (You bought it in a shop on level 3 of the Elven Halls)

   It inflicts extra damage upon your enemies.
   It affects your intelligence (+4).
   It affects your dexterity (+2).
 z - the +9 staff of Wucad Mu {channel}
   (You found it on level 15 of a ziggurat)
 K - the +4 mace of Plunder {venom, rPois rF+++ rN+ Str-3}
   (You bought it in a shop on level 8 of the Dungeon)

   It poisons the flesh of those it strikes.
   It affects your strength (-3).
   It renders you almost immune to fire.
   It protects you from poison.
   It protects you from negative energy.
Armour
 f - the +3 pair of gloves of Qideovant (worn) {rElec rF+}
   (You found it on level 12 of the Dungeon)

   It protects you from fire.
   It insulates you from electricity.
 h - a +2 cloak of invisibility (worn)
 o - a +2 pair of boots (worn)
 w - the +3 leather armour "Gaumipp" (worn) {Str+7}
   (You found it on level 8 of the Dungeon)

   It affects your strength (+7).
 I - the +2 hat of the King (worn) {rCorr Str+3 Int-3 Slay+5}
   (You found it on level 1 of the Swamp)

   It affects your strength (+3).
   It affects your intelligence (-3).
   It affects your accuracy and damage with ranged weapons and melee attacks
   (+5).
   It provides partial protection from all sources of acid and corrosion.
 J - a +2 robe of the Archmagi
Magical Staves
 Z - an uncursed staff of fire
Jewellery
 e - the ring "Quir Uqa" (left hand) {*Contam rPois Dex+4 Slay+5 SInv}
   (You found it on level 1 of the Vaults)

   [ring of see invisible]

   It affects your dexterity (+4).
   It affects your accuracy and damage with ranged weapons and melee attacks
   (+5).
   It protects you from poison.
   It lets you see invisible.
   It causes magical contamination when unequipped.
 v - the amulet "Pocot" {rF+ Regen+ Int+6}
   (You found it on level 20 of a ziggurat)

   [amulet of regeneration]

   It affects your intelligence (+6).
   It protects you from fire.
   It increases your rate of regeneration.
 A - the ring of Dowe {MP+9 Str+7 Dex+7}
   (You found it on level 16 of a ziggurat)

   [ring of magical power]

   It affects your strength (+7).
   It affects your dexterity (+7).
   It affects your magic capacity (+9).
 C - the amulet of Vitality {Regen+ HP+15}
   (You found it on level 5 of the Lair of Beasts)

   [amulet of regeneration]

   It affects your health (+15).
   It increases your rate of regeneration.
 H - the macabre finger necklace (around neck) {rN+}
   (You found it on level 18 of a ziggurat)

   [amulet of nothing]

   It protects you from negative energy.
 Q - a +6 ring of protection (right hand)
 S - the ring of Gyik (on amulet) {Wiz Str+8}
   (You found it on level 5 of the Pits of Slime)

   [ring of wizardry]

   It improves your spell success rate.
   It affects your strength (+8).
 W - a +6 ring of intelligence
Wands
 c - a wand of acid (53)
 x - a wand of iceblast (37)
 y - a wand of disintegration (62)
 F - a wand of clouds (11)
Scrolls
 a - 8 scrolls of blinking
 g - 5 scrolls of magic mapping
 m - 4 scrolls of holy word
 n - 23 scrolls of remove curse
 p - 26 scrolls of teleportation
 E - 16 scrolls of fog
 M - a scroll of summoning
 U - 9 scrolls of amnesia
 X - 27 scrolls of identify
Potions
 j - 9 potions of heal wounds
 k - 4 potions of stabbing
 l - 20 potions of curing
 q - 6 potions of brilliance
 r - 3 potions of might
 s - 7 potions of mutation
 u - 7 potions of cancellation
 L - 4 potions of haste
 O - 3 potions of berserk rage
 T - 6 potions of resistance
 V - 2 potions of invisibility
 Y - 9 potions of ambrosia
Books
 R - a manual of Dodging
Miscellaneous
 t - a phial of floods
 D - 5 phantom mirrors
 N - 12 boxes of beasts
Comestibles
 d - 57 rations


   Skills:
 + Level 23.3 Fighting
   Level 7.0 Short Blades
 - Level 14.5 Maces & Flails
 - Level 6.0 Armour
 - Level 15.0 Dodging
 - Level 2.1 Stealth
 + Level 21.7 Spellcasting
 - Level 20.0 Conjurations
 - Level 8.0 Charms
 + Level 15.6 Necromancy
 - Level 8.0 Transmutations
 - Level 22.0 Fire Magic
 - Level 22.0 Earth Magic
 - Level 6.0 Evocations


You had 13 spell levels left.
You knew the following spells:

 Your Spells              Type           Power        Failure   Level  Hunger
a - Shatter               Erth           ########..   1%          9    ######.
b - Stone Arrow           Conj/Erth      ######       0%          3    None
c - Lee's Rapid Deconstr  Erth           ########..   0%          5    None
d - Iron Shot             Conj/Erth      #######...   1%          6    None
e - Necromutation         Tmut/Necr      #######...   26%         8    #####..
g - Ignition              Fire           ########..   1%          8    #####..
h - Death's Door          Chrm/Necr      #######...   26%         8    #####..
i - Fire Storm            Conj/Fire      #######...   3%          9    ######.

Your spell library contained the following spells:

 Spells                   Type           Power        Failure   Level  Hunger
 Absolute Zero            Ice            ####......   100%        9    ######.
 Tornado                  Air            ####......   100%        9    ######.
 Animate Skeleton         Necr           N/A          0%          1    None
 Foxfire                  Conj/Fire      ####         0%          1    None
 Magic Dart               Conj           ####         0%          1    None
 Pain                     Necr           ####         0%          1    None
 Sandblast                Erth           ######       0%          1    None
 Shock                    Conj/Air       ####         0%          1    None
 Passwall                 Tmut/Erth      #######.     0%          2    None
 Searing Ray              Conj           ######       0%          2    None
 Conjure Flame            Conj/Fire      #######.     0%          3    None
 Vampiric Draining        Necr           #######...   0%          3    None
 Animate Dead             Necr           N/A          0%          4    None
 Dispel Undead            Necr           #######.     0%          4    None
 Sticky Flame             Conj/Fire      #######.     0%          4    None
 Bolt of Magma            Conj/Fire/Erth #######...   0%          5    None
 Borgnjor's Vile Clutch   Necr/Erth      #######...   0%          5    None
 Fireball                 Conj/Fire      #######...   0%          5    None
 Apportation              Tloc           ####..       1%          1    None
 Beastly Appendage        Tmut           ######       1%          1    None
 Corona                   Hex            ####...      1%          1    None
 Freeze                   Ice            ####         1%          1    None
 Infusion                 Chrm           ####         1%          1    None
 Sting                    Tmut/Pois      ####         1%          1    None
 Summon Butterflies       Summ           ####....     1%          1    None
 Summon Small Mammal      Summ           ####         1%          1    None
 Blink                    Tloc           N/A          1%          2    None
 Call Imp                 Summ           ####....     1%          2    None
 Corpse Rot               Necr/Air       N/A          1%          2    None
 Ensorcelled Hibernation  Hex/Ice        ####..       1%          2    None
 Poisonous Vapours        Pois/Air       ####..       1%          2    None
 Shroud of Golubria       Chrm/Tloc      ######       1%          2    None
 Slow                     Hex            ####....     1%          2    None
 Song of Slaying          Chrm           ######..     1%          2    None
 Sticks to Snakes         Tmut           ######..     1%          2    None
 Swiftness                Chrm/Air       ######..     1%          2    None
 Call Canine Familiar     Summ           ####....     1%          3    None
 Confusing Touch          Hex            ####....     1%          3    None
 Dazzling Flash           Conj/Hex       ######       1%          3    None
 Frozen Ramparts          Ice            ####..       1%          3    None
 Gell's Gravitas          Tloc           ####......   1%          3    None
 Ignite Poison            Fire/Tmut/Pois ######..     1%          3    None
 Inner Flame              Hex/Fire       #######.     1%          3    None
 Lesser Beckoning         Tloc           ####......   1%          3    None
 Mephitic Cloud           Conj/Pois/Air  ######..     1%          3    None
 Ozocubu's Armour         Chrm/Ice       ######..     1%          3    None
 Portal Projectile        Hex/Tloc       ####..       1%          3    None
 Recall                   Summ/Tloc      N/A          1%          3    None
 Spectral Weapon          Hex/Chrm       ######..     1%          3    None
 Spider Form              Tmut/Pois      ######....   1%          3    None
 Static Discharge         Conj/Air       ######..     1%          3    None
 Summon Guardian Golem    Hex/Summ       ####....     1%          3    None
 Tukima's Dance           Hex            ####....     1%          3    None
 Airstrike                Air            ####......   1%          4    None
 Fulminant Prism          Conj/Hex       ######....   1%          4    None
 Hailstorm                Conj/Ice       ######..     1%          4    None
 Ice Form                 Ice/Tmut       ######..     1%          4    None
 Iskenderun's Mystic Bla  Conj/Tloc      ######..     1%          4    None
 Leda's Liquefaction      Hex/Erth       #######...   1%          4    None
 Olgreb's Toxic Radiance  Pois           ####....     1%          4    None
 Petrify                  Tmut/Erth      #######.     1%          4    None
 Agony                    Necr           #######.     1%          5    None
 Blade Hands              Tmut           ######....   1%          5    None
 Excruciating Wounds      Chrm/Necr      #######...   1%          5    None
 Irradiate                Conj/Tmut      #######...   1%          5    None
 Iskenderun's Battlesphe  Conj/Chrm      #######.     1%          5    None
 Lightning Bolt           Conj/Air       ######....   1%          5    None
 Yara's Violent Unravell  Hex/Tmut       ######....   1%          5    None
 Conjure Ball Lightning   Conj/Air       ######....   1%          6    None
 Death Channel            Necr           #######...   1%          6    None
 Freezing Cloud           Conj/Ice/Air   ######....   1%          6    None
 Orb of Destruction       Conj           #######...   1%          7    ###....
 Ring of Flames           Chrm/Fire      #######...   1%          7    ###....
 Lehudib's Crystal Spear  Conj/Erth      #######...   1%          8    #####..
 Alistair's Intoxication  Tmut/Pois      ######..     2%          5    None
 Spellforged Servitor     Conj/Summ      ######....   2%          7    ###....
 Simulacrum               Ice/Necr       ######....   3%          6    None
 Cause Fear               Hex            ####......   5%          4    None
 Passage of Golubria      Tloc           N/A          5%          4    None
 Summon Ice Beast         Ice/Summ       ####....     5%          4    None
 Summon Lightning Spire   Summ/Air       ####....     5%          4    None
 Borgnjor's Revivificati  Necr           #######...   6%          8    #####..
 Infestation              Necr           #######...   6%          8    #####..
 Metabolic Englaciation   Hex/Ice        ####......   14%         5    None
 Silence                  Hex/Air        ####......   14%         5    None
 Summon Mana Viper        Hex/Summ       ####....     14%         5    None
 Chain Lightning          Conj/Air       ######....   14%         8    #####..
 Eringya's Noxious Bog    Tmut/Pois      ######....   16%         6    None
 Dragon Form              Tmut           ######....   16%         7    ###....
 Haunt                    Necr/Summ      ######....   17%         7    ###....
 Darkness                 Hex            ####......   58%         6    None
 Invisibility             Hex            ####....     58%         6    None
 Shadow Creatures         Summ           N/A          58%         6    None
 Summon Hydra             Summ           ####......   98%         7    ###....
 Discord                  Hex            ####......   100%        8    #####..
 Dragon's Call            Summ           ####......   100%        9    ######.
 Sublimation of Blood     Necr           Unusable     N/A         2    N/A
 Statue Form              Tmut/Erth      Unusable     N/A         6    N/A

Dungeon Overview and Level Annotations

Branches:
Dungeon (15/15)            Temple (1/1) D:4            Lair (6/6) D:8
  Swamp (4/4) Lair:2       Spider (4/4) Lair:3        Slime (5/5) Lair:5
    Orc (2/2) D:9             Elf (3/3) Orc:2        Vaults (5/5) D:13
  Crypt (3/3) Vaults:3       Tomb (0/3) Crypt:3      Depths (5/5) D:15
    Zot (0/5) Depths:5      Sewer (visited)

Altars:
Ashenzari
Cheibriados
Dithmenos
Elyvilon
Fedhas
Gozag
Hepliaklqana
Kikubaaqudgha
Nemelex Xobeh
Okawaru
Qazlal
Ru
Sif Muna
Trog
Uskayaw
Vehumet
Xom
Yredelemnul
Zin
The Shining One
Beogh
Jiyva

Shops:
D:5 *   D:8 (   Orc:2 (%[}   Elf:3 *![(   Depths:2 :}

Portals:
Hell: Depths:1 Depths:2 Depths:3 Depths:4 Depths:5
Abyss: Depths:4 Depths:5
Pandemonium: Depths:1 Depths:3 Depths:4

Annotations:
D:12 1 runed translucent door, chispire's ghost, journeyman MiBe
Orc:2 1 runed translucent door, Tali's ghost, journeyman DsBe
Elf:2 3 runed translucent doors
Vaults:4 3 runed translucent doors, Jemaf's ghost, veteran MiGl
Depths:1 1 transporter
Depths:3 3 runed translucent doors, Laril's ghost, adept DgGl; Nommasea's ghost, adept DsNe; Riur's ghost, veteran VSMo; Vuuvom's ghost, master KoEn


Innate Abilities, Weirdness & Mutations

You are resistant to torment.
Your stone body is resilient. (AC +20)
You are immune to poison.
Your large and strong wings let you fly indefinitely.
You resist negative energy. (rN+)
You are resistant to electric shocks. (rElec)
You can survive without breathing.
You are immune to petrification.
You are immune to rotting.
You are surrounded by a mild repulsion field. (EV +2)
You can translocate small distances at will.
Your flesh is heat resistant. (rF+)
You passively map a small area around you.
You expend magic power (3 MP) to strengthen your wands.


Message History

Your fire vortex is severely damaged.
Gaosmaidd is engulfed in blazing flames.
Secifroabb hits your fire vortex!!
Your fire vortex dissipates!
Unknown command.
Unknown command.
Unknown command.
Casting: Shatter (dangerous; 1% risk of failure)
Confirm with . or Enter, or press ? or * to list all spells.
Really attack near your fire vortices?
The dungeon rumbles!
Gaosmaidd is almost dead.
Aguam is almost dead.
Your fire vortex dissipates! x3
Secifroabb is almost dead.
Your fire vortex dissipates! x3
Your life is in your own hands again!
Aguam hits you but does no damage.
Gaosmaidd is engulfed in blazing flames.
Gaosmaidd hits you!!
You die...

▓▓...................[(▓▓
▓▓....................?)!▓▓
▓▓......°.☼..........&?)1[|▓▓
▓▓...&.°○○.☼○........&&&)&&!∩▓
▓.∩.....○○.○○........).&&&&)>)
▓▓...§°.&○○☼○.........&&=&!!∩▓
▓▓.§..°°.○☼○.........1&§§)(▓▓
▓▓...○°○°○&§.......§§§&3!▓▓
▓▓.......&@........).[/▓▓
▓▓...............)..§▓▓
▓▓.................▓▓
▓▓...............▓▓
▓▓............ ▓▓...........
▓▓▓▓▓▓▓▓▓▓▓▓


You could see Aguam, Gaosmaidd and Secifroabb.

Vanquished Creatures
  Dissolution (Slime:2)
  the Royal Jelly (Slime:5)
  An orb of fire (Zig:4)
  2 juggernauts
  Boris (Crypt:2)
  Sojobo (Vaults:5)
  10 Killer Klowns
  Frederick (Vaults:5)
  Margery (Crypt:2)
  Xtahua (Crypt:2)
  3 caustic shrikes
  Saint Roka (Vaults:5)
  Bai Suzhen (Spider:4)
  3 golden dragons
  5 bone dragons
  Arachne (Spider:3)
  2 profane servitors
  7 electric golems
  A Brimstone Fiend (Zig:23)
  Jorgrun (Spider:2)
  3 tentacled monstrosities
  17 pandemonium lords
  7 liches
  6 deep elf blademasters
  9 deep elf master archers
  3 quicksilver dragons
  An Executioner (Zig:23)
  38 acid blobs
  A quicksilver dragon (shapeshifter) (Zig:11)
  10 titans
  4 tentacled starspawn
  6 ancient champions
  A sphinx (shapeshifter) (Zig:23)
  A shadow dragon (shapeshifter) (Zig:11)
  8 storm dragons
  Frances (D:12)
  3 thorn hunters
  Gastronok (Lair:3)
  13 sphinxes
  Kirke (D:12)
  Agnes (Spider:2)
  3 shadow dragons
  12 tengu reavers
  Donald (Swamp:4)
  4 revenants
  10 fire giants
  21 nagarajas
  The ghost of Cuerisasm the Victor of a Thousand Battles, an adept HaHu of Okawaru (Swamp:1)
  A frost giant (shapeshifter) (Zig:23)
  6 orc warlords
  A draconian scorcher (Zig:5)
  18 azure jellies
  4 curse skulls
  A draconian knight (Depths:5)
  14 deep elf sorcerers
  An iron dragon (Depths:5)
  11 deep elf elementalists
  6 frost giants
  4 ghost moths
  A balrug (Zig:4)
  10 emperor scorpions
  17 vault wardens
  5 ghouls
  28 ironheart preservers
  3 reapers
  2 spriggan defenders
  32 stone giants
  2 war gargoyles
  20 very ugly things
  6 vampire knights
  15 deep elf demonologists
  4 entropy weavers
  16 deep elf annihilators
  Azrael (D:13)
  A minotaur (shapeshifter) (Zig:11)
  A juggernaut skeleton (Crypt:2)
  9 spark wasps
  A dire elephant (Lair:6)
  A lorocyproca (Zig:16)
  A dire elephant (shapeshifter) (Zig:11)
  A spark wasp (shapeshifter) (Zig:23)
  5 eidola
  5 death oozes (Slime:5)
  12 deep elf death magi
  A merfolk javelineer (Zig:13)
  A blizzard demon (Depths:3)
  22 yaktaur captains
  16 ettins
  3 green deaths
  An ice dragon (shapeshifter) (Vaults:5)
  12 fire dragons
  18 jiangshi
  25 great orbs of eyes
  7 rakshasas
  17 deep elf high priests
  15 spriggan air magi
  9 ice dragons
  28 hydras
  5 naga warriors
  36 vault guards
  17 centaur warriors
  An anaconda (Zig:12)
  4 catoblepae
  3 shambling mangroves
  50 two-headed ogres
  3 ghost crabs
  An anaconda (shapeshifter) (Zig:23)
  11 death knights
  11 alligators
  4 deep troll shamans
  23 ogre magi
  A satyr (Zig:13)
  12 death yaks (Lair:6)
  32 dancing weapons
  A death yak (shapeshifter) (Zig:11)
  13 naga sharpshooters
  18 shock serpents
  6 deep troll earth magi
  3 spriggan berserkers
  3 orc high priests (Zig:18)
  8 thrashing horrors
  Urug (D:12)
  8 vampire magi
  2 shock serpents (shapeshifter)
  23 deep elf knights
  2 wretched stars (Zig:16)
  4 hell knights
  Sonja (Lair:2)
  A sixfirhy (Zig:16)
  A fire crab (shapeshifter) (Vaults:5)
  A fire crab (Zig:4)
  2 soul eaters
  4 salamander mystics
  34 skeletal warriors
  A spark wasp zombie (Depths:5)
  A sea snake (shapeshifter) (Zig:23)
  11 shadow wraiths
  6 iron trolls
  15 wizards
  6 unseen horrors
  8 glowing orange brains
  A torturous demonspawn (Depths:1)
  11 swamp dragons
  A spatial maelstrom (Abyss:2)
  2 death drakes (shapeshifter)
  A gelid demonspawn (Depths:3)
  A glowing orange brain (shapeshifter) (Depths:4)
  3 starcursed masses (Abyss:2)
  4 flayed ghosts
  17 deep trolls
  5 spriggan druids
  An orange crystal statue (Zig:16)
  2 naga ritualists (Zig:12)
  3 wolf spider zombies
  A harpy (D:12)
  17 deep elf archers
  12 necromancers
  Pikel (D:6)
  2 lindwurms (shapeshifter)
  A lindwurm (Lair:6)
  4 phantasmal warriors
  17 ironbrand convokers
  15 large abominations
  3 mana vipers
  17 orc knights
  22 orb spiders
  7 obsidian statues
  A tengu skeleton (Vaults:3)
  6 oklob plants
  An iron giant skeleton (Crypt:2)
  A spectral wolf spider (Crypt:3)
  72 deep elf magi
  42 wolf spiders
  6 salamanders
  8 cyclopes
  44 ugly things
  18 orc sorcerers
  A shining eye (shapeshifter) (Depths:5)
  6 worldbinders
  2 fauns (Zig:13)
  2 frost giant zombies (D:15)
  2 manticores
  A cyclops (shapeshifter) (Vaults:2)
  A manticore (shapeshifter) (Zig:11)
  19 elephants
  A salamander (shapeshifter) (Vaults:3)
  10 shining eyes
  2 fire giant skeletons
  10 moths of wrath
  27 vault sentinels
  A guardian serpent (shapeshifter) (Depths:1)
  6 apocalypse crabs
  10 guardian serpents
  3 rust devils
  9 eyes of devastation
  4 smoke demons
  25 black mambas
  Joseph (D:10)
  2 eyes of devastation (shapeshifter)
  2 elephants (shapeshifter) (Vaults:1)
  Psyche (D:8)
  4 gargoyles
  2 ice statues
  7 naga magi
  A dire elephant skeleton (Crypt:1)
  2 orange demons
  A water nymph (shapeshifter) (Depths:5)
  A black draconian zombie (Crypt:2)
  5 torpor snails
  3 hellions
  20 spiny frogs
  A yellow draconian zombie (Crypt:1)
  9 komodo dragons
  A yaktaur zombie (Vaults:3)
  2 kobold demonologists (D:13)
  3 centaur skeletons
  2 efreet
  52 yaktaurs
  4 human zombies
  An entropy weaver simulacrum (Vaults:3)
  3 rime drakes
  2 komodo dragons (shapeshifter)
  15 demonic crawlers
  A yellow draconian skeleton (Crypt:2)
  2 yaktaurs (shapeshifter)
  10 freezing wraiths
  2 hellwings
  5 tengu conjurers
  2 queen bees (shapeshifter)
  9 trolls
  42 jumping spiders
  2 jumping spiders (shapeshifter)
  A tyrant leech (shapeshifter) (Vaults:5)
  4 meliai
  A red devil (Depths:1)
  9 tyrant leeches
  6 ancient zymes
  A raiju (shapeshifter) (Zig:17)
  A meliai (shapeshifter) (Vaults:5)
  16 hornets
  A polar bear (Lair:4)
  A blink frog (shapeshifter) (Depths:5)
  136 slime creatures
  2 polar bears (shapeshifter)
  12 bog bodies
  A hippogriff (shapeshifter) (Zig:23)
  12 dream sheep
  12 hippogriffs
  17 blink frogs
  A stone giant simulacrum (Vaults:1)
  A frost giant simulacrum (Vaults:2)
  A fire dragon zombie (Crypt:3)
  3 human simulacra
  16 raiju
  9 spriggans
  52 flying skulls
  A spriggan (shapeshifter) (Zig:19)
  11 air elementals
  A guardian serpent skeleton (Crypt:2)
  76 redbacks
  7 shadows
  An ice dragon skeleton (D:15)
  45 yaks
  11 water elementals
  A hog (shapeshifter) (D:13)
  A tarantella (shapeshifter) (Vaults:2)
  4 wyverns
  33 tarantellas
  A ynoxinul (Zig:16)
  A yak (shapeshifter) (D:15)
  6 fire elementals
  2 humans (shapeshifter)
  2 golden eyes (shapeshifter)
  13 golden eyes
  A hog (D:12)
  5 basilisks
  2 neqoxecs
  10 wraiths
  2 hungry ghosts
  23 vampire mosquitoes
  2 chaos spawn
  13 insubstantial wisps
  15 swamp worms
  6 wargs
  7 nagas (Zig:22)
  A soldier ant (D:15)
  3 acid dragons
  A spectral snapping turtle (Crypt:3)
  5 hell hounds
  A monstrous demonspawn skeleton (Crypt:1)
  Duvessa (D:5)
  6 floating eyes
  3 small abominations (Zig:16)
  18 water moccasins
  A floating eye (shapeshifter) (Zig:11)
  49 orc warriors
  4 ice beasts
  18 porcupines
  A porcupine (shapeshifter) (Vaults:5)
  9 sky beasts
  26 swamp drakes
  4 slaves (D:6)
  A black bear (shapeshifter) (Elf:1)
  6 black bears
  7 necrophages
  12 eyes of draining
  An eye of draining (shapeshifter) (Depths:1)
  69 ogres
  33 wolves
  4 boggarts
  A phantom (D:10)
  4 human skeletons
  A swamp dragon skeleton (Crypt:1)
  16 centaurs
  An orc skeleton (Vaults:1)
  14 crocodiles
  14 big kobolds
  14 bullfrogs
  4 earth elementals
  A salamander skeleton (Crypt:1)
  2 elf skeletons (Crypt:1)
  3 scorpions
  A wyvern skeleton (D:13)
  A spriggan zombie (Crypt:3)
  Dowan (D:5)
  8 jellies
  18 killer bees
  11 wights
  2 howler monkeys (D:5)
  4 electric eels
  2 bullfrog zombies
  A quasit (D:10)
  5 centaur zombies
  9 crimson imps
  A bullfrog skeleton (D:9)
  A gnoll shaman (D:4)
  26 orc priests
  6 hounds
  28 orc wizards
  2 iron imps (Abyss:2)
  7 iguanas
  15 worker ants
  Terence (D:3)
  5 hell rats (Lair:5)
  A big kobold skeleton (Crypt:2)
  A naga skeleton (Crypt:1)
  4 hound skeletons
  Robin (D:3)
  A howler monkey skeleton (D:5)
  5 gnolls (D:4)
  18 adders
  A river rat (Sewer)
  A steam dragon skeleton (Crypt:2)
  7 shadow imps
  A white imp (Depths:4)
  3 ufetubi
  6 oozes
  A lava snake zombie (Crypt:2)
  2 adder skeletons (D:4)
  6 worms
  5 dart slugs
  4 leopard geckos
  111 orcs
  3 ball pythons
  5 bats
  7 giant cockroaches
  12 goblins
  6 hobgoblins
  10 jackals
  6 quokkas
  3 frilled lizards
  A gnoll skeleton (Crypt:2)
  A jackal skeleton (Crypt:1)
  22 kobolds
  A leopard gecko skeleton (D:4)
  A leopard gecko zombie (D:7)
  A quokka zombie (Crypt:2)
  15 rats
  4 bushes (Lair:5)
  2 crawling corpses (Vaults:5)
  26 fire vortices
  2 fungi
  17 plants
  2 starspawn tentacles (Zig:16)
3264 creatures vanquished.

Vanquished Creatures (collateral kills)
  2 acid blobs (Zig:21)
  An azure jelly (Zig:21)
  3 slime creatures
  A chaos spawn (Zig:11)
  A golden eye (Zig:21)
  An eye of draining (Zig:21)
9 creatures vanquished.

Vanquished Creatures (others)
  Nikola (Vaults:3)
  A very ugly thing (Depths:1)
  A swamp dragon (Swamp:4)
  A deep elf mage (Zig:19)
  A water elemental (Elf:1)
  3 humans (D:12)
  An orc warrior (Vaults:4)
  A small abomination (Abyss:3)
  A bullfrog zombie (D:12)
  A briar patch (Swamp:4)
  2 bushes
  94 fire vortices
  23 fungi
  20 plants
  4 starspawn tentacles (Abyss:3)
  A withered plant (D:15)
156 creatures vanquished.

Grand Total: 3429 creatures vanquished

Notes
Turn   | Place    | Note
-------+----------+-------------------------------------------
     0 | D:1      | Hartz the Gargoyle Earth Elementalist began the quest for
                  | the Orb.
     0 | D:1      | Reached XP level 1. HP: 10/10 MP: 3/3
   179 | D:1      | Reached XP level 2. HP: 12/15 MP: 5/5
  1055 | D:2      | Reached XP level 3. HP: 19/19 MP: 4/7
  1060 | D:2      | Learned a level 3 spell: Stone Arrow
  1372 | D:2      | Found a hide-covered altar of Uskayaw.
  1389 | D:2      | Found a blossoming altar of Fedhas.
  1516 | D:2      | Found a white marble altar of Elyvilon.
  1517 | D:2      | Found a stormy altar of Qazlal.
  1524 | D:2      | Found a snail-covered altar of Cheibriados.
  1569 | D:2      | Found a bloodstained altar of Trog.
  1579 | D:2      | Reached skill level 1 in Conjurations
  1715 | D:3      | Reached XP level 4. HP: 22/24 MP: 6/8
  2138 | D:3      | Reached skill level 5 in Earth Magic
  2278 | D:3      | Noticed Terence
  2292 | D:3      | Reached XP level 5. HP: 26/28 MP: 7/9
  2317 | D:3      | Killed Terence
  2411 | D:3      | Noticed Robin
  2423 | D:3      | Killed Robin
  3072 | D:4      | Reached XP level 6. HP: 28/32 MP: 8/11
  3170 | D:4      | Found an iron altar of Okawaru.
  3297 | D:4      | Found a staircase to the Ecumenical Temple.
  3305 | D:4      | Got a translucent rapier
  3306 | D:4      | Identified the +9 rapier of the Lumpy Planets {speed, +Fly}
                  | (You found it on level 4 of the Dungeon)
  3515 | D:4      | Found a glowing drain.
  3554 | Sewer    | Entered a sewer
  3723 | Sewer    | Reached XP level 7. HP: 36/36 MP: 13/13
  4189 | Sewer    | Reached skill level 5 in Spellcasting
  4214 | Sewer    | Reached XP level 8. HP: 40/41 MP: 15/15
  4271 | Sewer    | Reached skill level 5 in Conjurations
  4545 | D:5      | Entered Level 5 of the Dungeon
  4641 | D:5      | Noticed Dowan
  4647 | D:5      | Noticed Duvessa
  4652 | D:5      | Killed Dowan
  4652 | D:5      | Reached skill level 1 in Fighting
  4652 | D:5      | Reached skill level 1 in Armour
  4667 | D:5      | Killed Duvessa
  4667 | D:5      | Reached skill level 1 in Maces & Flails
  4667 | D:5      | Reached skill level 1 in Evocations
  4938 | D:5      | Found Anweugim's General Store.
  4947 | D:5      | Bought 2 potions of curing for 72 gold pieces
  4947 | D:5      | Bought a scroll of teleportation for 36 gold pieces
  5161 | D:5      | Identified a scroll of acquirement
  5208 | D:5      | Reached skill level 2 in Fighting
  5208 | D:5      | Reached XP level 9. HP: 22/48 MP: 14/17
  5788 | D:5      | Bought 12 stones for 14 gold pieces
  5803 | D:6      | Found a stormy altar of Qazlal.
  5887 | D:6      | Noticed Pikel
  5923 | D:6      | Learned a level 5 spell: Lee's Rapid Deconstruction
  5945 | D:6      | You fall into a shaft and drop 3 floors!
  6000 | D:9      | Noticed a two-headed ogre
  6012 | D:9      | Killed a two-headed ogre
  6012 | D:9      | Reached skill level 3 in Fighting
  6029 | D:9      | Noticed a troll
  6194 | D:8      | Got an encrusted leather armour
  6302 | D:6      | Identified the +3 leather armour "Gaumipp" {Str+7} (You
                  | found it on level 8 of the Dungeon)
  6310 | D:6      | Reached XP level 10. HP: 54/56 MP: 19/19
  6345 | D:6      | Found an ancient bone altar of Kikubaaqudgha.
  6362 | D:6      | Gained mutation: You are surrounded by a mild repulsion
                  | field. (EV +2) [potion of mutation]
  6362 | D:6      | Gained mutation: Your spells are a little harder to cast,
                  | but a little more powerful. [potion of mutation]
  6402 | D:6      | Found a glowing silver altar of Zin.
  6521 | D:6      | Killed Pikel
  6521 | D:6      | Reached skill level 4 in Fighting
  7611 | D:7      | Reached skill level 1 in Short Blades
  7758 | D:8      | Noticed Psyche
  7781 | D:8      | Killed Psyche
  7923 | D:8      | Found a staircase to the Lair.
  7976 | D:8      | Found Iredgh's Antique Weapon Emporium.
  8003 | D:8      | Bought a faintly glowing rapier for 315 gold pieces
  8003 | D:8      | Bought a slimy mace for 280 gold pieces
  8020 | D:8      | Identified the +11 rapier "Ifuosa Sado" {vorpal, +Fly rElec
                  | MR+ Str-4} (You bought it in a shop on level 8 of the
                  | Dungeon)
  8021 | D:8      | Identified the +4 mace of Plunder {venom, rPois rF+++ rN+
                  | Str-3} (You bought it in a shop on level 8 of the Dungeon)
  8182 | D:9      | Reached XP level 11. HP: 56/62 MP: 3/21
  8278 | Temple   | Entered the Ecumenical Temple
  8298 | Temple   | Became a worshipper of Vehumet
  8377 | D:9      | Reached skill level 5 in Armour
  8464 | D:9      | Found a staircase to the Orcish Mines.
  8532 | D:9      | Reached * piety under Vehumet
  8532 | D:9      | Offered knowledge of Shock by Vehumet.
  8740 | D:9      | Reached skill level 5 in Fighting
  8945 | D:10     | Entered Level 10 of the Dungeon
  9143 | D:10     | Noticed Joseph
  9162 | D:10     | Killed Joseph
  9528 | D:11     | Noticed a skeletal warrior
  9528 | D:11     | Noticed a skeletal warrior
  9528 | D:11     | Noticed a skeletal warrior
  9529 | D:11     | Noticed a skeletal warrior
  9549 | D:9      | Killed a skeletal warrior
  9788 | D:11     | Noticed a two-headed ogre
  9796 | D:11     | Killed a two-headed ogre
  9796 | D:11     | Reached skill level 5 in Maces & Flails
  9797 | D:11     | Noticed a two-headed ogre
  9808 | D:11     | Killed a two-headed ogre
  9808 | D:11     | Offered knowledge of Magic Dart by Vehumet.
  9808 | D:11     | Reached skill level 10 in Earth Magic
  9908 | D:11     | Reached ** piety under Vehumet
  9951 | D:11     | Killed a skeletal warrior
 10177 | D:11     | Killed an unseen horror
 10177 | D:11     | Reached skill level 5 in Evocations
 10212 | D:11     | Killed a skeletal warrior
 10212 | D:11     | Reached skill level 6 in Fighting
 10212 | D:11     | Reached skill level 5 in Dodging
 10212 | D:11     | Reached XP level 12. HP: 40/70 MP: 7/23
 10698 | D:12     | Found a shimmering altar of Xom.
 11209 | D:12     | Noticed Frances
 11223 | D:12     | Killed Frances
 11510 | D:12     | Noticed Kirke
 11514 | D:12     | Killed Kirke
 11519 | D:12     | Offered knowledge of Inner Flame by Vehumet.
 11561 | D:12     | Noticed a two-headed ogre
 11574 | D:12     | Killed a two-headed ogre
 11667 | D:12     | Reached skill level 7 in Fighting
 11706 | D:12     | Reached *** piety under Vehumet
 11758 | D:12     | Reached XP level 13. HP: 62/76 MP: 17/25
 11807 | D:12     | Reached skill level 5 in Short Blades
 11882 | D:12     | Offered knowledge of Mephitic Cloud by Vehumet.
 11952 | D:12     | Found a runed translucent door.
 11952 | D:12     | Noticed an ettin
 11953 | D:12     | Found a runed translucent door.
 11953 | D:12     | Found a runed translucent door.
 11978 | D:12     | Identified the Compendium of Damaging Moulding
 12118 | D:12     | Noticed chispire's ghost (journeyman MiBe)
 12130 | D:12     | Found a transporter.
 12160 | D:12     | Found a transporter.
 12236 | D:12     | Got a pair of brightly glowing gloves
 12426 | D:11     | Identified the +3 pair of gloves of Qideovant {rElec rF+}
                  | (You found it on level 12 of the Dungeon)
 12456 | D:11     | Learned a level 3 spell: Mephitic Cloud
 12535 | D:12     | Noticed Urug
 12558 | D:12     | Killed Urug
 12734 | D:12     | Found the +2 ratskin cloak {+Rats rPois rN+ Str-1 Int-1
                  | Dex+1}
 13561 | D:13     | Found a gate to the Vaults.
 13633 | D:13     | Reached **** piety under Vehumet
 13633 | D:13     | Reached skill level 8 in Fighting
 13652 | D:13     | Offered knowledge of Fulminant Prism by Vehumet.
 13902 | D:13     | Reached skill level 10 in Conjurations
 13902 | D:13     | Noticed Azrael
 13916 | D:13     | Killed Azrael
 14222 | D:13     | Gained mutation: Your large and strong wings let you fly
                  | indefinitely. [Gargoyle growth]
 14222 | D:13     | Reached XP level 14. HP: 84/84 MP: 16/27
 14601 | D:13     | Reached ***** piety under Vehumet
 14601 | D:13     | Offered knowledge of Ozocubu's Refrigeration by Vehumet.
 14735 | D:13     | Learned a level 5 spell: Fireball
 15005 | D:14     | Reached skill level 1 in Fire Magic
 15044 | D:14     | You fall into a shaft and drop 1 floor!
 15044 | D:15     | Entered Level 15 of the Dungeon
 15524 | D:14     | Reached skill level 9 in Fighting
 15835 | D:14     | Found a white marble altar of Elyvilon.
 16171 | Lair:1   | Entered Level 1 of the Lair of Beasts
 16906 | Lair:2   | Found a staircase to the Swamp.
 17477 | Lair:2   | Noticed Sonja
 17484 | Lair:2   | Killed Sonja
 18171 | Lair:3   | Offered knowledge of Iron Shot by Vehumet.
 18194 | Lair:3   | Learned a level 6 spell: Iron Shot
 18227 | Lair:3   | Reached XP level 15. HP: 54/91 MP: 28/28
 18471 | Lair:3   | Found a hole to the Spider Nest.
 18633 | Lair:3   | Reached skill level 5 in Fire Magic
 18749 | Lair:3   | Noticed Gastronok
 18756 | Lair:3   | Killed Gastronok
 19326 | Lair:4   | Reached skill level 10 in Spellcasting
 20042 | Lair:4   | Reached skill level 10 in Fighting
 20455 | D:12     | Offered knowledge of Conjure Ball Lightning by Vehumet.
 21132 | Lair:5   | Found the amulet of Vitality {Regen+ HP+15}
 21673 | Lair:5   | Found a runed translucent door.
 21676 | Lair:5   | Found a viscous altar of Jiyva.
 21676 | Lair:5   | Found a staircase to the Slime Pits.
 21676 | Lair:5   | Noticed an acid blob
 21676 | Lair:5   | Noticed an acid blob
 21678 | Lair:5   | Noticed an acid blob
 22261 | Lair:6   | Entered Level 6 of the Lair of Beasts
 22536 | Lair:6   | Reached XP level 16. HP: 78/98 MP: 30/30
 22634 | Lair:6   | Offered knowledge of Irradiate by Vehumet.
 22655 | Lair:6   | Learned a level 5 spell: Irradiate
 24270 | Orc:1    | Entered Level 1 of the Orcish Mines
 25173 | Orc:2    | Entered Level 2 of the Orcish Mines
 25174 | Orc:2    | Found a roughly hewn altar of Beogh.
 25213 | Orc:2    | Reached skill level 10 in Maces & Flails
 25437 | Orc:2    | Reached ****** piety under Vehumet
 25445 | Orc:2    | Offered knowledge of Starburst by Vehumet.
 25493 | Orc:2    | Reached skill level 11 in Fighting
 25722 | Orc:2    | Learned a level 6 spell: Starburst
 26154 | Orc:2    | Found a runed translucent door.
 26154 | Orc:2    | Noticed Tali's ghost (journeyman DsBe)
 26184 | Orc:2    | Found a staircase to the Elven Halls.
 26524 | Orc:2    | Found Hureewn's Gadget Shop.
 26524 | Orc:2    | Found Cite's Food Emporium.
 26525 | Orc:2    | Found Wimmum's Antique Armour Emporium.
 26525 | Orc:2    | Found Zeekuuw's Antique Weapon Boutique.
 26567 | Orc:2    | Bought a wand of acid (8) for 312 gold pieces
 26963 | D:15     | Reached XP level 17. HP: 65/104 MP: 3/31
 27134 | D:15     | Found a staircase to the Depths.
 28057 | Swamp:1  | Entered Level 1 of the Swamp
 28154 | Swamp:1  | Offered knowledge of Freezing Cloud by Vehumet.
 28313 | Swamp:1  | Reached skill level 10 in Fire Magic
 28624 | Swamp:1  | Noticed Cuerisasm's ghost (adept HaHu)
 28634 | Swamp:1  | Found a runed translucent gate.
 28634 | Swamp:1  | Found a runed translucent gate.
 28634 | Swamp:1  | Found a runed translucent gate.
 28999 | Swamp:1  | Killed Cuerisasm's ghost
 29150 | Swamp:1  | Got a faintly humming hat
 29161 | Swamp:1  | Identified the +2 hat of the King {rCorr Str+3 Int-3
                  | Slay+5} (You found it on level 1 of the Swamp)
 30705 | Swamp:3  | Offered knowledge of Ozocubu's Refrigeration by Vehumet.
 31157 | Swamp:3  | Found an ancient bone altar of Kikubaaqudgha.
 31318 | Swamp:4  | Entered Level 4 of the Swamp
 31477 | Swamp:4  | Noticed Donald
 31485 | Swamp:4  | Reached skill level 12 in Fighting
 31488 | Swamp:4  | Killed Donald
 31488 | Swamp:4  | Reached XP level 18. HP: 103/112 MP: 14/33
 31732 | Swamp:4  | Got a decaying rune of Zot
 32416 | Spider:1 | Entered Level 1 of the Spider Nest
 32706 | Spider:1 | Offered knowledge of Tornado by Vehumet.
 32706 | Spider:1 | Offered knowledge of Ignition by Vehumet.
 32706 | Spider:1 | Offered knowledge of Absolute Zero by Vehumet.
 34356 | Spider:2 | Reached skill level 10 in Dodging
 34760 | Spider:2 | Reached skill level 15 in Earth Magic
 35042 | Spider:2 | Noticed Jorgrun
 35046 | Spider:2 | Killed Jorgrun
 35551 | Spider:2 | Noticed Agnes
 35553 | Spider:2 | Killed Agnes
 35792 | Spider:3 | Noticed Arachne
 35798 | Spider:3 | Killed Arachne
 35957 | Spider:3 | Reached XP level 19. HP: 114/118 MP: 35/35
 37171 | Spider:4 | Entered Level 4 of the Spider Nest
 37474 | Spider:4 | Upgraded the game from 0.25-a0-786-g5b70d41e48 to
                  | 0.25-a0-803-g58bd18402a
 37475 | Spider:4 | Reached skill level 13 in Fighting
 38060 | Spider:4 | Learned a level 8 spell: Ignition
 38987 | Spider:4 | Noticed Bai Suzhen
 38996 | Spider:4 | Killed Bai Suzhen
 39504 | Spider:4 | Got a gossamer rune of Zot
 39795 | Elf:1    | Entered Level 1 of the Elven Halls
 40953 | Elf:2    | Reached skill level 15 in Fire Magic
 41180 | Elf:2    | Reached XP level 20. HP: 124/124 MP: 29/36
 41370 | Elf:2    | Found a runed translucent gate.
 41370 | Elf:2    | Found a runed translucent gate.
 41370 | Elf:2    | Found a runed translucent gate.
 41510 | Elf:3    | Entered Level 3 of the Elven Halls
 41672 | Elf:3    | Found Qasufu's Distillery.
 41674 | Elf:3    | Found Viofidal's Antique Weapon Shoppe.
 41674 | Elf:3    | Found Nisit's Assorted Antiques.
 41679 | Elf:3    | Found Huj Yssi's Armour Shoppe.
 41698 | Elf:3    | Bought a scroll of identify for 68 gold pieces
 41698 | Elf:3    | Bought a scroll of identify for 68 gold pieces
 41698 | Elf:3    | Bought a scroll of identify for 68 gold pieces
 41701 | Elf:3    | Bought a potion of resistance for 120 gold pieces
 41701 | Elf:3    | Bought a potion of heal wounds for 60 gold pieces
 41701 | Elf:3    | Bought a potion of heal wounds for 60 gold pieces
 41701 | Elf:3    | Bought a potion of ambrosia for 96 gold pieces
 41701 | Elf:3    | Bought a potion of ambrosia for 96 gold pieces
 41701 | Elf:3    | Bought a potion of ambrosia for 96 gold pieces
 41770 | Elf:3    | Bought an ancient dire flail for 306 gold pieces
 41772 | Elf:3    | Identified the +4 dire flail of Tension {vorpal, Int+4
                  | Dex+2} (You bought it in a shop on level 3 of the Elven
                  | Halls)
 43552 | Elf:3    | Identified the +2 great sword "Earthworm" {antimagic, rC+}
 43555 | Elf:3    | Reached XP level 21. HP: 121/130 MP: 1/37
 43844 | Elf:3    | Cast into level 2 of the Abyss (a deep elf demonologist)
 43863 | Abyss:2  | Noticed a bone dragon
 43869 | Abyss:2  | Killed a bone dragon
 43977 | Abyss:2  | Found a corrupted altar of Lugonu.
 44296 | Elf:3    | Escaped the Abyss
 44455 | Elf:3    | Identified the +1 leather armour "Forget-Me-Not" {rElec
                  | MP+9 Dex+3}
 44523 | Elf:3    | Identified the Grimoire of Sinister Magic
 44560 | Elf:3    | Cast into level 2 of the Abyss (a deep elf demonologist)
 44561 | Abyss:2  | Found a corrupted altar of Lugonu.
 44664 | Elf:3    | Escaped the Abyss
 44685 | Elf:3    | Identified the cursed +1 rapier "Quibbesh" {flame, rPois
                  | rN+} (You found it on level 3 of the Elven Halls)
 45145 | Vaults:1 | Entered Level 1 of the Vaults
 45446 | Vaults:1 | Got a crude iron ring
 45447 | Vaults:1 | Identified the ring "Quir Uqa" {*Contam rPois Dex+4 Slay+5
                  | SInv} (You found it on level 1 of the Vaults)
 45555 | Vaults:1 | Paralysed by an orc sorcerer for 5 turns
 46331 | Vaults:1 | Reached skill level 14 in Fighting
 47500 | Vaults:2 | Reached XP level 22. HP: 124/137 MP: 9/39
 47551 | Vaults:2 | Reached skill level 15 in Conjurations
 47733 | Vaults:2 | HP: 5/137 [yaktaur[a yaktaur captain] (14)]
 49634 | Vaults:3 | Paralysed by an orc sorcerer for 6 turns
 50210 | Vaults:3 | Found a staircase to the Crypt.
 51042 | Vaults:3 | Reached XP level 23. HP: 130/144 MP: 25/40
 51257 | Vaults:3 | Noticed Nikola
 51264 | Vaults:3 | Killed Nikola
 51474 | Vaults:4 | Reached skill level 15 in Fighting
 51604 | Vaults:4 | Paralysed by an orc sorcerer for 7 turns
 52585 | Vaults:4 | Found a runed translucent gate.
 52585 | Vaults:4 | Found a runed translucent gate.
 52585 | Vaults:4 | Found a runed translucent gate.
 52586 | Vaults:4 | Noticed Jemaf's ghost (veteran MiGl)
 52757 | Vaults:5 | Entered Level 5 of the Vaults
 52913 | Crypt:1  | Entered Level 1 of the Crypt
 53031 | Crypt:1  | Reached XP level 24. HP: 117/151 MP: 35/41
 53052 | Crypt:1  | Paralysed by a vampire knight for 7 turns
 54296 | Crypt:2  | Noticed Margery
 54319 | Crypt:2  | Killed Margery
 54638 | Crypt:2  | Noticed Boris
 54649 | Crypt:2  | Killed Boris
 54920 | Crypt:2  | Reached skill level 16 in Fighting
 55617 | Crypt:2  | Noticed Xtahua
 55623 | Crypt:2  | Killed Xtahua
 55762 | Crypt:3  | Entered Level 3 of the Crypt
 56613 | Crypt:3  | Found an ancient bone altar of Kikubaaqudgha.
 56924 | Crypt:3  | Paralysed by a vampire knight for 2 turns
 57058 | Crypt:3  | Identified the cursed +0 lajatang of Iwneucid {vamp, +Fly
                  | SInv Stlth-} (You found it on level 3 of the Crypt)
 57345 | Crypt:3  | Identified the Almanac of Stolen Souls
 57787 | Crypt:3  | Reached XP level 25. HP: 159/159 MP: 23/41
 57874 | Crypt:3  | Got a heavily runed lapis lazuli ring
 57875 | Crypt:3  | Identified the ring "Wiuq" {rElec rPois rF+ rC+} (You found
                  | it on level 3 of the Crypt)
 58103 | Crypt:3  | Found a staircase to the Tomb.
 58655 | Depths:1 | Entered Level 1 of the Depths
 58656 | Depths:1 | Reached skill level 15 in Spellcasting
 58985 | Depths:1 | Found a transporter.
 59003 | Depths:1 | Found a transporter.
 59200 | Depths:1 | Found a shattered altar of Ashenzari.
 59741 | Depths:1 | Found a gateway to Hell.
 59927 | Depths:1 | Found a one-way gate leading to the halls of Pandemonium.
 60417 | Depths:2 | Found Huire's Gadget Shoppe.
 60444 | Depths:2 | Bought a wand of acid (6) for 240 gold pieces
 60534 | Depths:2 | Found Joiqigh's Book Shop.
 60554 | Depths:2 | Bought a book of the Earth for 1235 gold pieces
 60554 | Depths:2 | Bought a manual of Spellcasting for 2097 gold pieces
 60564 | Depths:2 | Learned a level 9 spell: Shatter
 60833 | Depths:2 | Found a glowing golden altar of the Shining One.
 61065 | Depths:3 | Found a runed translucent gate.
 61068 | Depths:3 | Found a runed translucent gate.
 61069 | Depths:3 | Found a runed translucent gate.
 61070 | Depths:3 | Noticed Nommasea's ghost (adept DsNe)
 61071 | Depths:3 | Noticed Vuuvom's ghost (master KoEn)
 61071 | Depths:3 | Noticed Riur's ghost (veteran VSMo)
 61071 | Depths:3 | Noticed Laril's ghost (adept DgGl)
 61087 | Depths:3 | Found a gateway to a bazaar.
 61098 | Bazaar   | Entered a bazaar
 61100 | Bazaar   | Found Xufoapar's General Store.
 61104 | Bazaar   | Found Ketyopin's Gadget Boutique.
 61104 | Bazaar   | Found Baizxu's Assorted Antiques.
 61104 | Bazaar   | Found Togg's Weapon Boutique.
 61112 | Bazaar   | Bought a +0 trident for 38 gold pieces
 61115 | Bazaar   | Bought a throwing net for 33 gold pieces
 61140 | Bazaar   | Bought a wand of acid (9) for 312 gold pieces
 61158 | Bazaar   | Bought a torn book for 450 gold pieces
 61158 | Bazaar   | Bought a scroll of enchant weapon for 225 gold pieces
 61158 | Bazaar   | Bought a scroll of teleportation for 90 gold pieces
 61158 | Bazaar   | Bought a scroll of identify for 60 gold pieces
 61168 | Bazaar   | Bought a phantom mirror for 270 gold pieces
 61168 | Bazaar   | Bought a ration for 45 gold pieces
 61168 | Bazaar   | Bought a potion of curing for 27 gold pieces
 63307 | Depths:4 | Found a one-way gate to the infinite horrors of the Abyss.
 63347 | Depths:4 | Found a gateway to a ziggurat.
 63688 | Depths:4 | Reached XP level 26. HP: 165/165 MP: 29/42
 63854 | Depths:5 | Entered Level 5 of the Depths
 64143 | Vaults:5 | Noticed Frederick
 64147 | Vaults:5 | Killed Frederick
 64149 | Vaults:5 | Reached skill level 17 in Fighting
 64153 | Vaults:5 | Noticed Saint Roka
 64158 | Vaults:5 | Killed Saint Roka
 64158 | Vaults:5 | Noticed Sojobo
 64697 | Vaults:5 | Identified Neihesch's Reference Book on Sinister Arts and
                  | Intoxication
 64755 | Vaults:5 | Killed Sojobo
 65143 | Vaults:5 | Identified the Papyrus of Ghastly Beguiling
 65405 | Vaults:5 | Learned a level 9 spell: Fire Storm
 65575 | Vaults:5 | Got a steaming gossamer ring
 65576 | Vaults:5 | Identified the ring "Gaacuul" {Dex+4 Stlth-} (You found it
                  | on level 5 of the Vaults)
 65760 | Vaults:5 | Got a silver rune of Zot
 66149 | Depths:4 | Reached XP level 27. HP: 147/172 MP: 16/43
 66413 | Depths:5 | Reached skill level 18 in Fighting
 67027 | Depths:5 | Found a gate to the Realm of Zot.
 67125 | Depths:5 | Noticed a juggernaut
 67130 | Depths:5 | Identified the ring of Feuw {MR+ Stlth-}
 67131 | Depths:5 | Killed a juggernaut
 68126 | Depths:5 | Found the +3 sling "Punk" {acid, rCorr}
 68290 | Depths:5 | Reached skill level 15 in Dodging
 68872 | Slime:1  | Entered Level 1 of the Pits of Slime
 68883 | Slime:2  | Noticed Dissolution
 68886 | Slime:2  | Paralysed by a floating eye for 4 turns
 68890 | Slime:2  | Killed Dissolution
 69243 | Slime:5  | Entered Level 5 of the Pits of Slime
 69372 | Slime:5  | Noticed the Royal Jelly
 69384 | Slime:5  | Killed the Royal Jelly
 69384 | Slime:5  | Reached skill level 19 in Fighting
 69672 | Slime:5  | Got a slimy rune of Zot
 69735 | Slime:5  | Identified the +1 robe "Jugom" {-Tele rF++ Regen+ Dex+3}
                  | (You found it on level 5 of the Pits of Slime)
 69804 | Slime:5  | Identified the ring of Gyik {Wiz Str+8} (You found it on
                  | level 5 of the Pits of Slime)
 70276 | D:15     | Learned a level 8 spell: Death's Door
 70357 | Zig:1    | Entered Level 1 of a ziggurat
 70383 | Zig:2    | Entered Level 2 of a ziggurat
 70386 | Zig:2    | Noticed Coss the pandemonium lord
 70412 | Zig:2    | Killed Coss the pandemonium lord
 70550 | Zig:3    | Entered Level 3 of a ziggurat
 70579 | Zig:4    | Entered Level 4 of a ziggurat
 70582 | Zig:4    | Noticed an orb of fire
 70587 | Zig:4    | Reached skill level 1 in Charms
 70587 | Zig:4    | Gained mutation: You passively map a small area around you.
                  | [an orb of fire]
 70601 | Zig:4    | Gained mutation: You occasionally shout uncontrollably at
                  | your foes. [an orb of fire]
 70607 | Zig:4    | Gained mutation: You tend to lose your temper in combat.
                  | [an orb of fire]
 70613 | Zig:4    | Lost mutation: Your spells are a little harder to cast, but
                  | a little more powerful. [an orb of fire]
 70623 | Zig:4    | Gained mutation: You are dopey. (Int -2) [an orb of fire]
 70628 | Zig:4    | Gained mutation: Your flesh is heat resistant. (rF+) [an
                  | orb of fire]
 70629 | Zig:4    | Killed an orb of fire
 70629 | Zig:4    | Reached skill level 1 in Necromancy
 70982 | Zig:4    | Lost mutation: You occasionally shout uncontrollably at
                  | your foes. [potion of mutation]
 70982 | Zig:4    | Lost mutation: You tend to lose your temper in combat.
                  | [potion of mutation]
 70982 | Zig:4    | Lost mutation: You are dopey. (Int -2) [potion of mutation]
 70982 | Zig:4    | Gained mutation: You can translocate small distances at
                  | will. [potion of mutation]
 70982 | Zig:4    | Gained mutation: You expend magic power (3 MP) to
                  | strengthen your wands. [potion of mutation]
 70985 | Zig:5    | Entered Level 5 of a ziggurat
 71072 | Zig:6    | Entered Level 6 of a ziggurat
 71248 | Zig:7    | Entered Level 7 of a ziggurat
 71332 | Zig:7    | Identified the Reference Book on Ice
 71339 | Zig:8    | Entered Level 8 of a ziggurat
 71373 | Zig:8    | Identified the +3 buckler "Xiton" {rPois rN+ Str-4 SInv}
                  | (You found it on level 8 of a ziggurat)
 71386 | Zig:8    | Got a serpentine glass ring
 71387 | Zig:8    | Identified the ring "Muppoeku" {rPois rF+ Stlth+} (You
                  | found it on level 8 of a ziggurat)
 71399 | Zig:9    | Entered Level 9 of a ziggurat
 71525 | Zig:9    | Identified the +1 robe of Idealism {rPois Dex+4} (You found
                  | it on level 9 of a ziggurat)
 71551 | Zig:10   | Entered Level 10 of a ziggurat
 71567 | Zig:10   | Found the +12 Vampire's Tooth {vamp}
 71588 | Zig:10   | Identified the Disquisition on Evil and Venom
 71593 | Zig:10   | Identified the Grimoire of Noxious Changing
 71598 | Zig:10   | Got a vibrating diamond amulet
 71599 | Zig:10   | Identified the amulet of Begy {RegenMP rF- rN++ Str+2
                  | Stlth+} (You found it on level 10 of a ziggurat)
 71617 | Zig:11   | Entered Level 11 of a ziggurat
 71627 | Zig:11   | Noticed Toxt the pandemonium lord
 71643 | Zig:11   | Killed Toxt the pandemonium lord
 71656 | Zig:11   | Reached skill level 5 in Charms
 71858 | Zig:11   | Got a transparent glass ring
 71859 | Zig:11   | Identified the ring of Lyfecoe {AC+2 Str+4 Int+3} (You
                  | found it on level 11 of a ziggurat)
 71894 | Zig:12   | Entered Level 12 of a ziggurat
 72007 | Zig:12   | Got a faintly glowing bone ring
 72008 | Zig:12   | Identified the ring "Adamnes" {rF- rN+ MP+9 Int+2} (You
                  | found it on level 12 of a ziggurat)
 72014 | Zig:12   | Identified the cursed +0 helmet of Jema {rPois MR- Str+7}
                  | (You found it on level 12 of a ziggurat)
 72020 | Zig:13   | Entered Level 13 of a ziggurat
 72027 | Zig:13   | Reached skill level 5 in Necromancy
 72029 | Zig:13   | Reached skill level 20 in Fighting
 72064 | Zig:13   | Identified the +2 pair of gloves of Curiosity {rElec rPois
                  | rC+} (You found it on level 13 of a ziggurat)
 72079 | Zig:13   | Got a translucent iron ring
 72080 | Zig:13   | Identified the ring "Plog" {MR+ Str+4} (You found it on
                  | level 13 of a ziggurat)
 72127 | Zig:14   | Entered Level 14 of a ziggurat
 72164 | Zig:14   | Identified Atzoq's Handbook of Earth and Benedictions
 72170 | Zig:14   | Identified the +1 robe of Lifelessness {Dex+3 Slay+2} (You
                  | found it on level 14 of a ziggurat)
 72186 | Zig:15   | Entered Level 15 of a ziggurat
 72200 | Zig:15   | Found the +9 staff of Wucad Mu {channel}
 72250 | Zig:15   | Got a warped steel amulet
 72251 | Zig:15   | Identified the amulet "Ubrorearghe" {Faith *Contam rPois
                  | Str+8} (You found it on level 15 of a ziggurat)
 72276 | Zig:16   | Entered Level 16 of a ziggurat
 72352 | Zig:16   | Got a crude platinum ring
 72353 | Zig:16   | Identified the ring of Dowe {MP+9 Str+7 Dex+7} (You found
                  | it on level 16 of a ziggurat)
 72379 | Zig:17   | Entered Level 17 of a ziggurat
 72393 | Zig:17   | Cast into level 3 of the Abyss (a deep elf demonologist)
 72586 | Abyss:3  | Reached skill level 10 in Necromancy
 72601 | Zig:17   | Escaped the Abyss
 72660 | Zig:17   | Identified the Volume of Hexes
 72675 | Zig:17   | Got a glittering lead ring
 72676 | Zig:17   | Identified the ring of Gequpsy {rN+ Int+3} (You found it on
                  | level 17 of a ziggurat)
 72687 | Zig:17   | Identified the Papyrus of Fetching Displacement
 72697 | Zig:18   | Entered Level 18 of a ziggurat
 72708 | Zig:18   | Noticed a juggernaut
 72713 | Zig:18   | Killed a juggernaut
 72713 | Zig:18   | Reached skill level 21 in Fighting
 72721 | Zig:18   | Found the macabre finger necklace {rN+}
 72876 | Zig:18   | Identified the Almanac of Bewitchment and Moulding
 72878 | Zig:18   | Identified the Almanac of Air and the Frostbite
 72895 | Zig:19   | Entered Level 19 of a ziggurat
 72997 | Zig:19   | Identified the +4 flail of Asias {drain, Int+3} (You found
                  | it on level 19 of a ziggurat)
 73008 | Zig:19   | Identified the amulet "Xesmo" {Acrobat rElec rN+ MR+ Dex-2}
                  | (You acquired it on level 19 of a ziggurat)
 73008 | Zig:19   | Identified Othug's Incunabulum of Earthen Heat (You
                  | acquired it on level 19 of a ziggurat)
 73016 | Zig:20   | Entered Level 20 of a ziggurat
 73263 | Zig:20   | Got a slimy ruby amulet
 73264 | Zig:20   | Identified the amulet "Pocot" {rF+ Regen+ Int+6} (You found
                  | it on level 20 of a ziggurat)
 73300 | Zig:21   | Entered Level 21 of a ziggurat
 73315 | Zig:21   | Reached skill level 22 in Fighting
 73332 | Zig:21   | Found the +10 Black Knight's horse barding {ponderous,
                  | rPois rN+}
 73332 | Zig:21   | Found the +2 hat of the Bear Spirit {Spirit, +Rage rN+
                  | MR++}
 73333 | Zig:21   | Found the +3 giant club "Skullcrusher" {speed, Str+7}
 73341 | Zig:21   | Identified the Tome of the Mountains and Cold
 73381 | Zig:21   | Learned a level 8 spell: Necromutation
 73392 | Zig:22   | Entered Level 22 of a ziggurat
 73470 | Zig:22   | Identified the +4 morningstar of Millao Ageo {venom, rC+
                  | Int+5} (You found it on level 22 of a ziggurat)
 73473 | Zig:22   | Identified Sif Muna's Reference Book on Air and
                  | Augmentations
 73490 | Zig:22   | Got a pitted silver ring
 73491 | Zig:22   | Identified the ring "Roics" {Ice rPois rN+ Int-4 Dex+7}
                  | (You found it on level 22 of a ziggurat)
 73502 | Zig:23   | Entered Level 23 of a ziggurat
 73518 | Zig:23   | Noticed Udip the pandemonium lord
 73518 | Zig:23   | Noticed Secifroabb the pandemonium lord
 73518 | Zig:23   | Noticed Oniule the pandemonium lord
 73518 | Zig:23   | Noticed Aguam the pandemonium lord
 73518 | Zig:23   | Noticed Wioth the pandemonium lord
 73518 | Zig:23   | Noticed Hedgh the pandemonium lord
 73518 | Zig:23   | Noticed Guxturr the pandemonium lord
 73519 | Zig:23   | Noticed Piegaacuwiph the pandemonium lord
 73519 | Zig:23   | Noticed Qastus the pandemonium lord
 73519 | Zig:23   | Noticed Jyph the pandemonium lord
 73519 | Zig:23   | Noticed Wiylipp the pandemonium lord
 73519 | Zig:23   | Noticed Istytum the pandemonium lord
 73519 | Zig:23   | Noticed Lahilu the pandemonium lord
 73519 | Zig:23   | Noticed Icurauxume the pandemonium lord
 73519 | Zig:23   | Noticed Toedecuel the pandemonium lord
 73519 | Zig:23   | Noticed Iryesymo the pandemonium lord
 73519 | Zig:23   | Noticed Gaosmaidd the pandemonium lord
 73519 | Zig:23   | Noticed Feekh the pandemonium lord
 73522 | Zig:23   | Killed Hedgh the pandemonium lord
 73522 | Zig:23   | Reached skill level 15 in Necromancy
 73523 | Zig:23   | Killed Wioth the pandemonium lord
 73523 | Zig:23   | Killed Iryesymo the pandemonium lord
 73542 | Zig:23   | Killed Piegaacuwiph the pandemonium lord
 73543 | Zig:23   | Killed Istytum the pandemonium lord
 73552 | Zig:23   | Killed Lahilu the pandemonium lord
 73552 | Zig:23   | Reached skill level 23 in Fighting
 73552 | Zig:23   | Killed Toedecuel the pandemonium lord
 73554 | Zig:23   | Killed Feekh the pandemonium lord
 73554 | Zig:23   | Killed Oniule the pandemonium lord
 73555 | Zig:23   | Killed Udip the pandemonium lord
 73555 | Zig:23   | Killed Icurauxume the pandemonium lord
 73556 | Zig:23   | Killed Wiylipp the pandemonium lord
 73558 | Zig:23   | Killed Qastus the pandemonium lord
 73559 | Zig:23   | Killed Jyph the pandemonium lord
 73560 | Zig:23   | Killed Guxturr the pandemonium lord
 73562 | Zig:23   | Annihilated by Gaosmaidd the pandemonium lord

Levels and vault maps discovered:
D:1:      wheals_arrival_linesprint, layout_loops_ring, grunt_decor_mini_mirrors
D:2:      layout_rooms, grunt_temple_overflow_open, lemuel_crystal_altar,
          fedhas_altar_2
D:3:      layout_basic, minivault_24, uniq_terence, uniq_robin
D:4:      layout_basic, okawaru_altar_gauntlet_db, minmay_temple_entry_trees,
          gup_sewer_entry_glass
D:5:      layout_gridville, first_ration, serial_shops, shop, uniq_duvessa
D:6:      layout_basic, overflow_temple_1_default, basic_altar,
          grunt_qazlal_clouds, uniq_pikel
D:7:      layout_cave_pods, grunt_ogre_cave, hangedman_abyss_or_decor_stagger,
          chequers_serial_rivers_marsh
D:8:      layout_rooms, due_lair_maze_entry_diamond, serial_shops, shop,
          uniq_psyche
D:9:      layout_loops_ring, hiddenorc2_lemuel
D:10:     layout_basic, uniq_joseph
D:11:     layout_basic
D:12:     minmay_the_grid_four_pointed_star_mashed
          [minmay_the_grid_triangle_9x9_stretched_checkered,
          minmay_the_grid_triangle_9x9_thin_v,
          minmay_the_grid_triangle_9x9_fully_insulated_deathbox,
          minmay_the_grid_triangle_9x9_wacky_v,
          minmay_the_grid_prize_shrinking_boxes], layout_stronghold,
          gammafunk_ghost_berserking_beasts, basic_altar, uniq_kirke,
          uniq_frances, uniq_urug
D:13:     minmay_tri_stars, layout_cave_pools, david_vaults_2,
          serial_bayou_pond_e, uniq_azrael
D:14:     layout_basic, elyvilon_altar_5, bh_chokoban
D:15:     gammafunk_depths_entry_grave, layout_basic, glass_columns_b,
          hangedman_decor_riveting
Temple:   eino_temple_lava
Lair:1:   layout_gridlike
Lair:2:   layout_regular_city, minmay_swamp_entry_reptiles, uniq_sonja
Lair:3:   layout_gridlike, nicolae_spider_entry_non_spiders,
          hibernation_bobbens, infiniplex_staircase_pool_2, grunt_megastairs_2,
          uniq_gastronok
Lair:4:   beast_lair_carwin_large_1, layout_gridlike, nzn_random_ring
Lair:5:   layout_gridlike, slime_altar_2, minmay_lair_oklob_bushes,
          wad_woods_03, grunt_megastairs_3, serial_bayou_shore_b,
          serial_bayou_shore_b
Lair:6:   grunt_lair_end_beastmaster, layout_long_grid,
          infiniplex_staircase_pool, minmay_lair_oklob_chamber
Swamp:1:  layout_falls_marsh, gammafunk_ghost_split,
          evilmike_swamp_ruin_rubble_2
Swamp:2:  layout_falls_marsh, serial_swamp_ruin, evilmike_swamp_ruin_house_4,
          hangedman_swamp_ruin_wall, swamp_pool5, nicolae_swamp_round_clearing
Swamp:3:  layout_falls_marsh, nicolae_swamp_godswood
Swamp:4:  swamp, layout_basic_swamp, uniq_donald
Spider:1: layout_chambers
Spider:2: layout_spider_delve, uniq_jorgrun, uniq_agnes
Spider:3: layout_spider_delve, drop_trap, uniq_arachne
Spider:4: grunt_spider_rune_circles, uniq_bai_suzhen
Slime:1:  layout_caves
Slime:2:  layout_caves, dissolution_awaits
Slime:3:  layout_caves
Slime:4:  layout_caves
Slime:5
Orc:1:    layout_caves, guppyfry_library_mini
Orc:2:    st_orc_ogre_mass, layout_caves, basic_altar, gammafunk_ghost_grave
Elf:1:    eino_elf_arrival_sip, layout_rooms, hangedman_corner_corridor
Elf:2:    layout_loops_cross
Elf:3:    minmay_elf_hall_four_x, layout_geoelf_grid, minmay_shoptagon
Vaults:1: nicolae_vaults_minivaults, ontoclasm_vaults_eye, v_misc_5,
          vaults_room_grunt_arrival_ludios, vaults_room_stairs_pillars,
          hangedman_vaults_corner_blocks, v_misc_9, layout_vaults_chaotic_city
Vaults:2: ontoclasm_vaults_ring_square, v_misc_12, hangedman_vaults_capsules,
          st_squares, vaults_mumra_minichess, ontoclasm_vaults_fault, v_rooms_5,
          v_misc_13, nicolae_vaults_mini_display_case,
          nicolae_vaults_what_the_h, hangedman_vaults_stretched_pinwheel,
          vaults_dpeg_encased_lava, nicolae_vaults_little_squares_3,
          nicolae_vaults_little_ls, layout_vaults_omnibox
Vaults:3: v_alt_pattern_2, vaults_dpeg_cross, blue_anna_dwarven_crypt,
          nicolae_vaults_puzzle_piece, nicolae_vaults_yaktaur_gun_rack,
          v_pattern_5, nicolae_vaults_little_squares_1, v_misc_5, v_misc_24,
          nicolae_vaults_display_case, vaults_room_fours,
          layout_vaults_omnigrid, uniq_nikola
Vaults:4: gammafunk_vaults_ghost_spectres, vaults_standard_mumra_x, v_misc_13,
          vaults_mumra_chevron, ontoclasm_vaults_idyll, hangedman_vaults_nails,
          v_misc_10, nicolae_vaults_asterisk, nicolae_vaults_back_hallway,
          vaults_dpeg_doors, vaults_room_grid, v_misc_5,
          layout_vaults_maze_bifur
Vaults:5: uniq_frederick, uniq_saint_roka, uniq_sojobo
Crypt:1:  layout_misc_corridors, minmay_misc_feat_pillars, grunt_ministairs_14,
          ebering_dispersal_statue_hall, roderic_lattice_octagonal_star
Crypt:2:  layout_regular_city, minmay_misc_feat_rows, item_on_display_a,
          grunt_megastairs_4, uniq_margery, uniq_boris, uniq_xtahua
Crypt:3:  grunt_crypt_end_deaths_head
Depths:1: gammafunk_sealed_arena, layout_cave_pools, grunt_hell_entry_dis_old,
          nrook_uturn, rand_demon_pan_entry_9, ashenzari_altar_1
Depths:2: hangedman_surveillance_ring, layout_cave_pools, serial_shops, shop,
          nicolae_shop_crystal, pf_coc_iceberg, tso_altar,
          minmay_staircase_statues
Depths:3: minmay_curly_fans, layout_long_grid, hell_entry,
          chequers_serial_rivers_micro_a, gammafunk_ghost_cemetery,
          serial_shops, statue_bzr, rand_demon_pan_entry_3,
          infiniplex_staircase_x
Depths:4: minmay_textured_paths, layout_gridlike, enter_ziggurat_b,
          minmay_misc_feat_chi, grunt_pan_entry_zigzag, hellmouth_1,
          abyss_entry_glasseish, fake_guardian_serpent_vault
Depths:5: hangedman_pleasuredromes, serial_shops, hell_entry, abyss_entry
Zig:23

Skill      XL: |  1  2  3  4  5  6  7  8  9 10 11 12 13 14 15 16 17 18 19 20 21 22 23 24 25 26 27 |
---------------+----------------------------------------------------------------------------------+-----
Earth Magic    | 4 5 6 7 8 9 10 11 12 13 14 15 16 17 18 21 22 | 22.0
Conjurations   | 1 2 3 4 5 6 7 8 9 10 11 12 13 14 15 16 17 18 20 | 20.0
Spellcasting   | 3 4 5 6 7 8 9 10 11 12 13 14 15 16 21 | 21.7
Fighting       | 2 3 4 6 7 8 9 10 11 12 13 14 15 16 17 23 | 23.3
Armour         | 2 3 4 6 |  6.0
Maces & Flails | 1 3 4 5 6 7 8 9 10 11 12 13 14 | 14.5
Dodging        | 2 3 4 5 6 7 8 9 10 11 12 13 14 15 | 15.0
Evocations     | 1 3 4 5 6 |  6.0
Short Blades   | 2 3 4 6 7 |  7.0
Fire Magic     | 4 7 9 11 12 15 17 18 19 20 22 | 22.0
Charms         | 8 |  8.0
Necromancy     | 15 | 15.6
Transmutations | 8 |  8.0
Stealth        | |  2.1

Action                   |  1- 3 |  4- 6 |  7- 9 | 10-12 | 13-15 | 16-18 | 19-21 | 22-24 | 25-27 || total
-------------------------+-------+-------+-------+-------+-------+-------+-------+-------+-------++-------
Melee: Mace              |    87 |    72 |       |       |       |       |       |       |    37 ||   196
       Club              |       |    49 |       |       |       |       |       |       |       ||    49
       Rapier            |       |    29 |   225 |   412 |  1221 |  1110 |   406 |       |       ||  3403
       Dire flail        |       |       |       |       |       |       |   247 |   991 |   612 ||  1850
       Unarmed           |       |       |       |       |       |       |       |       |     4 ||     4
Throw: Throwing net      |       |       |       |     1 |       |       |       |       |     3 ||     4
 Cast: Sandblast         |    15 |    51 |    56 |    85 |    31 |    60 |    28 |     3 |    11 ||   340
       Stone Arrow       |       |     1 |     6 |    17 |    31 |     5 |       |       |     2 ||    62
       Lee's Rapid Decon |       |       |       |    22 |    72 |    63 |    68 |    25 |    39 ||   289
       Mephitic Cloud    |       |       |       |       |     5 |     4 |       |       |       ||     9
       Iron Shot         |       |       |       |       |    29 |   116 |   166 |    93 |   200 ||   604
       Fireball          |       |       |       |       |     8 |    27 |     6 |       |       ||    41
       Irradiate         |       |       |       |       |       |    31 |     8 |       |       ||    39
       Ignition          |       |       |       |       |       |       |    44 |    80 |    98 ||   222
       Starburst         |       |       |       |       |       |       |       |     1 |       ||     1
       Shatter           |       |       |       |       |       |       |       |       |   150 ||   150
       Fire Storm        |       |       |       |       |       |       |       |       |    41 ||    41
       Death's Door      |       |       |       |       |       |       |       |       |     1 ||     1
 Abil: Evoke Ratskin     |       |       |       |       |     4 |       |       |       |       ||     4
       Fly               |       |       |       |       |     2 |       |       |       |     1 ||     3
       Stop Flying       |       |       |       |       |     1 |       |       |       |     2 ||     3
       Evoke Invisibilit |       |       |       |       |       |       |       |       |     1 ||     1
Evoke: Wand              |       |     3 |     1 |     3 |     3 |    27 |    12 |     1 |     4 ||    54
       Phial of floods   |       |       |       |       |       |       |       |       |     1 ||     1
  Use: Scroll            |     3 |     5 |     5 |    12 |     8 |    11 |    11 |     8 |    45 ||   108
       Potion            |       |     1 |     1 |     4 |     3 |     1 |     9 |     5 |    26 ||    50
 Stab: Sleeping          |       |     9 |     3 |       |     1 |       |     2 |     3 |     1 ||    19
       Distracted        |       |     1 |       |       |     1 |     1 |     3 |       |     2 ||     8
       Confused          |       |       |       |       |     1 |     1 |       |       |       ||     2
  Eat: Chunk             |     3 |     7 |    15 |    38 |    58 |    83 |    78 |    70 |    68 ||   420
       Ration            |       |       |       |       |       |     1 |     6 |     7 |    40 ||    54
Armor: Robe              |    38 |    65 |    85 |       |       |       |       |       |       ||   188
       Skin              |       |     5 |     5 |       |       |       |       |       |       ||    10
       Leather armour    |       |       |       |   217 |   641 |   855 |   548 |   370 |   425 ||  3056
Dodge: Dodged            |    69 |   142 |   117 |   300 |  1094 |  1288 |   632 |   665 |   763 ||  5070

Table legend:
 A = Non-vault XP
 B = Vault XP
 C = Vault XP percentage of total XP
 D = Non-vault monster count
 E = Vault monster count
 F = Vault count percentage of total count
                 A         B        C        D         E       F
            +---------+---------+-------+---------+---------+-------
      Total | 1349890 |  799060 |  37.2 |    2206 |     996 |  31.1
            +---------+---------+-------+---------+---------+-------
        D:1 |      27 |       0 |   0.0 |      13 |       0 |   0.0
        D:2 |      54 |       0 |   0.0 |      16 |       0 |   0.0
        D:3 |     152 |      67 |  30.6 |      29 |      13 |  31.0
        D:4 |     306 |      42 |  12.1 |      23 |       9 |  28.1
        D:5 |     980 |     211 |  17.7 |      24 |       2 |   7.7
        D:6 |     682 |     641 |  48.5 |       9 |       1 |  10.0
        D:7 |    1048 |     253 |  19.4 |      22 |       2 |   8.3
        D:8 |     885 |    1460 |  62.3 |      21 |       9 |  30.0
        D:9 |    3147 |     247 |   7.3 |      25 |      32 |  56.1
       D:10 |    2556 |     450 |  15.0 |      24 |       1 |   4.0
       D:11 |    6503 |       0 |   0.0 |      29 |       0 |   0.0
       D:12 |    8331 |   13182 |  61.3 |      36 |      31 |  46.3
       D:13 |    5423 |   17219 |  76.0 |      34 |      27 |  44.3
       D:14 |    9835 |       0 |   0.0 |      38 |       0 |   0.0
       D:15 |    7882 |    4745 |  37.6 |      26 |       8 |  23.5
     Lair:1 |    7180 |       0 |   0.0 |      25 |       0 |   0.0
     Lair:2 |    4248 |    1010 |  19.2 |      18 |       5 |  21.7
     Lair:3 |    5477 |    3620 |  39.8 |      25 |      14 |  35.9
     Lair:4 |    3778 |    9797 |  72.2 |      18 |      24 |  57.1
     Lair:5 |    7869 |   10685 |  57.6 |      37 |      17 |  31.5
     Lair:6 |   16245 |   14203 |  46.6 |      42 |      29 |  40.8
    Swamp:1 |   14500 |    4940 |  25.4 |      44 |       7 |  13.7
    Swamp:2 |    7499 |     407 |   5.1 |      25 |       3 |  10.7
    Swamp:3 |   11580 |       0 |   0.0 |      33 |       0 |   0.0
    Swamp:4 |   12978 |   20529 |  61.3 |      29 |      29 |  50.0
   Spider:1 |   21359 |       0 |   0.0 |      58 |       0 |   0.0
   Spider:2 |   18184 |    5162 |  22.1 |      48 |       2 |   4.0
   Spider:3 |   27609 |    4199 |  13.2 |      64 |       2 |   3.0
   Spider:4 |   15289 |   26618 |  63.5 |      42 |      38 |  47.5
    Slime:1 |    1284 |       0 |   0.0 |       2 |       0 |   0.0
    Slime:2 |    2913 |   13915 |  82.7 |      10 |       1 |   9.1
    Slime:3 |   15775 |       0 |   0.0 |      25 |       0 |   0.0
    Slime:4 |    2879 |       0 |   0.0 |      10 |       0 |   0.0
    Slime:5 |    6655 |   33747 |  83.5 |       7 |      15 |  68.2
      Orc:1 |    2341 |     407 |  14.8 |      34 |      10 |  22.7
      Orc:2 |    3664 |   19845 |  84.4 |      35 |      40 |  53.3
      Elf:1 |    5446 |    7698 |  58.6 |      14 |      12 |  46.2
      Elf:2 |   12791 |    1826 |  12.5 |      17 |       2 |  10.5
      Elf:3 |   24043 |   67413 |  73.7 |      36 |      45 |  55.6
   Vaults:1 |   42112 |   26552 |  38.7 |      70 |      42 |  37.5
   Vaults:2 |   51976 |   30768 |  37.2 |      67 |      42 |  38.5
   Vaults:3 |   27559 |   21932 |  44.3 |      47 |      30 |  39.0
   Vaults:4 |   57934 |   32999 |  36.3 |      80 |      39 |  32.8
   Vaults:5 |   37579 |  117296 |  75.7 |      53 |      90 |  62.9
    Crypt:1 |   13617 |    3148 |  18.8 |      23 |       5 |  17.9
    Crypt:2 |   20993 |   26678 |  56.0 |      27 |      15 |  35.7
    Crypt:3 |       0 |   77161 | 100.0 |       0 |     122 | 100.0
   Depths:1 |   37799 |   13597 |  26.5 |      49 |      14 |  22.2
   Depths:2 |   18257 |    5230 |  22.3 |      28 |      17 |  37.8
   Depths:3 |    8472 |    8436 |  49.9 |       9 |       7 |  43.8
   Depths:4 |   41153 |   21645 |  34.5 |      49 |      17 |  25.8
   Depths:5 |    2087 |  123473 |  98.3 |       8 |      90 |  91.8
    Abyss:2 |   14393 |       0 |   0.0 |      25 |       0 |   0.0
    Abyss:3 |    7503 |       0 |   0.0 |      19 |       0 |   0.0
      Zig:1 |    1664 |       0 |   0.0 |       2 |       0 |   0.0
      Zig:2 |    3702 |       0 |   0.0 |       2 |       0 |   0.0
      Zig:3 |    2614 |       0 |   0.0 |       5 |       0 |   0.0
      Zig:4 |   11552 |       0 |   0.0 |       4 |       0 |   0.0
      Zig:5 |    6514 |       0 |   0.0 |       6 |       0 |   0.0
      Zig:6 |   14449 |       0 |   0.0 |       5 |       0 |   0.0
      Zig:7 |   10813 |       0 |   0.0 |      10 |       0 |   0.0
      Zig:8 |   11041 |       0 |   0.0 |      17 |       0 |   0.0
      Zig:9 |   17989 |       0 |   0.0 |      12 |       0 |   0.0
     Zig:10 |   14337 |       0 |   0.0 |      17 |       0 |   0.0
     Zig:11 |   38101 |       0 |   0.0 |      16 |       0 |   0.0
     Zig:12 |   19181 |       0 |   0.0 |      28 |       0 |   0.0
     Zig:13 |   27167 |       0 |   0.0 |      22 |       0 |   0.0
     Zig:14 |   23511 |    2360 |   9.1 |      27 |       4 |  12.9
     Zig:15 |   26414 |       0 |   0.0 |      27 |       0 |   0.0
     Zig:16 |   35356 |    2460 |   6.5 |      39 |       4 |   9.3
     Zig:17 |   35534 |       0 |   0.0 |      38 |       0 |   0.0
     Zig:18 |   36764 |       0 |   0.0 |      53 |       0 |   0.0
     Zig:19 |   38595 |       0 |   0.0 |      49 |       0 |   0.0
     Zig:20 |   58567 |       0 |   0.0 |      50 |       0 |   0.0
     Zig:21 |   44387 |       0 |   0.0 |      51 |       0 |   0.0
     Zig:22 |   66019 |       0 |   0.0 |      67 |       0 |   0.0
     Zig:23 |  124788 |       0 |   0.0 |      38 |       0 |   0.0
      Sewer |       0 |     787 | 100.0 |       0 |      28 | 100.0
            +---------+---------+-------+---------+---------+-------
